 Dungeon Crawl Stone Soup version 0.30.1-11-g7821555f0a (webtiles) character file.

Game seed: 7613316535411708264

235 oberejnoburuli the Firebug (level 6, -1/32 HPs)
             Began as a Tengu Fire Elementalist on Jan 9, 2024.
             Slain by an iguana (14 damage)
             ... on level 3 of the Dungeon.
             The game lasted 00:09:29 (3478 turns).

oberejnoburuli the Firebug (TeFE)                   Turns: 3478, Time: 00:09:30

Health: -1/32      AC:  2    Str:  8    XL:     6   Next: 6%
Magic:  2/10       EV: 14    Int: 18    God:
Gold:   266        SH:  5    Dex: 14    Spells: 6/9 levels left

rFire   . . .        e - staff of conjuration
rCold   . . .        (no shield)
rNeg    . . .        a - +0 robe
rPois   .            (helmet restricted)
rElec   .            (no cloak)
rCorr   .            (no gloves)
SInv    .            (boots unavailable)
Will    .....        i - amulet of reflection
Stlth   ++           (no ring)
HPRegen 0.25/turn    (no ring)
MPRegen 0.12/turn

%: reflection
@: lethally poisoned (-1 -> -3), flying quickly and evasively, quick
A: beak, talons 3, nimble flight
a: no special abilities


You were on level 3 of the Dungeon.
You visited 1 branch of the dungeon, and saw 4 of its levels.

You collected 266 gold pieces.

Inventory:

Hand Weapons
 w - a +0 dagger of speed
   (You took it off a goblin on level 3 of the Dungeon)
Missiles
 u - 4 curare-tipped darts
Armour
 a - a +0 robe (worn)
Magical Staves
 e - a staff of conjuration (weapon)
   (You found it on level 2 of the Dungeon)
Jewellery
 i - an amulet of reflection (around neck)
   (You found it on level 1 of the Dungeon)
 q - an amulet of the acrobat
   (You found it on level 2 of the Dungeon)
Wands
 r - a wand of mindburst (17)
   (You found it on level 3 of the Dungeon)
Scrolls
 c - a scroll of fog
 f - a scroll of poison
 g - a scroll of torment {unknown}
 n - a scroll of vulnerability {unknown}
 o - 3 scrolls of blinking {unknown}
 t - a scroll of teleportation
 v - a scroll of immolation {unknown}
Potions
 b - a potion of magic
 d - a potion of flight {unknown}
 h - 2 potions of heal wounds {unknown}
 j - a potion of berserk rage {unknown}
 k - 2 potions of brilliance {unknown}
 l - a potion of lignification {unknown}
 m - a potion of resistance {unknown}
 p - a potion of might {unknown}
 s - a potion of cancellation {unknown}


   Skills:
 - Level 2.1 Dodging
 - Level 2.0 Stealth
 - Level 2.0 Spellcasting
 + Level 5.4 Conjurations
 + Level 5.5 Fire Magic


You had 6 spell levels left.
You knew the following spells:

 Your Spells              Type           Power      Damage    Failure   Level
a - Foxfire               Conj/Fire      100%       2x1d9     1%          1
b - Scorch                Fire           42%        2d6       2%          2

Your spell library contained the following spells:

 Spells                   Type           Power      Damage    Failure   Level
 Inner Flame              Hex/Fire       11%        N/A       17%         3
 Volatile Blastmotes      Fire/Tloc      22%        2d11      17%         3
 Flame Wave               Conj/Fire      32%        2d9       19%         4
 Poisonous Vapours        Pois/Air       2%         N/A       26%         2
 Mephitic Cloud           Conj/Pois/Air  12%        N/A       26%         3
 Call Canine Familiar     Summ           1%         N/A       47%         3
 Ozocubu's Armour         Ice            1%         N/A       47%         3
 Portal Projectile        Hex/Tloc       2%         N/A       47%         3
 Leda's Liquefaction      Hex/Erth       0%         N/A       87%         4
 Freezing Cloud           Conj/Ice/Air   6%         6-21      94%         5
 Ozocubu's Refrigeration  Ice            0%         4d7       100%        7


Dungeon Overview and Level Annotations

Branches:
Dungeon (4/15)
 Temple: D:4-7

Altars:
Hepliaklqana
Trog
The Shining One


Innate Abilities, Weirdness & Mutations

You have a beak for a mouth.
You have claws for feet.
Your magical nature lets you fly swiftly and evasively.


Message History

Confirm with . or Enter, or press ? or * to list all spells.
You feel a surge of power!
You conjure some foxfire!
The foxfire hits the iguana but does no damage.
The foxfire hits the iguana.
The iguana is lightly wounded.
The iguana misses you.
The foxfire hits the adder.
The adder is lightly wounded.
Casting: Foxfire (safe; 1% risk of failure)
Confirm with . or Enter, or press ? or * to list all spells.
Flames lash the iguana.
The iguana is heavily wounded.
The iguana's fire resistance burns away.
You hear an angry hiss.
The foxfire hits the adder.
The adder is moderately wounded.
An adder comes into view.
The iguana barely misses you. The adder bites you.
Casting: Scorch (safe; 2% risk of failure)
Confirm with . or Enter, or press ? or * to list all spells.
Flames lash the adder.
The adder is almost dead.
The adder's fire resistance burns away.
The iguana bites you! The adder bites you.
You are poisoned.
The adder poisons you!
You feel sick. You block the adder's attack. The iguana closely misses you.
The adder bites you.
You fly upwards.
You feel sick.
There is a stone staircase leading down here.
Casting: Scorch (safe; 2% risk of failure)
Confirm with . or Enter, or press ? or * to list all spells.
Flames lash the adder.
The adder is burned terribly!
You kill the adder!
You feel sick. The iguana closely misses you.
Casting: Scorch (safe; 2% risk of failure)
Confirm with . or Enter, or press ? or * to list all spells.
You feel a surge of power!
You conjure some foxfire!
You feel sick.
The iguana is no longer more vulnerable to fire.
The iguana bites you!
You die...

###..######.######.#
...................#
##..#.#......#####.#
#..#............#.#
#..#.#.#.##.###.#.#
#...<#.#>##.# #.#.#
#.##[#.#.##.# #.#.#
##....)...##.###v#.#
...............v@#.#
#####.#.#....###l#.#
#.....#.######.#.#
#.....#..........#
###.....########.###
[.......# #.#
........# #.#
........# #.#
........# ######.#


You could see an iguana (ally target).

Vanquished Creatures
  2 iguanas (D:3)
  An orc wizard (D:2)
  8 adders
  2 worms
  7 orcs
  5 bats
  7 endoplasms
  3 giant cockroaches
  7 goblins
  7 hobgoblins
  4 jackals
  3 quokkas
  4 ball pythons
  8 kobolds
  8 rats
76 creatures vanquished.

Vanquished Creatures (others)
  175 foxfires
175 creatures vanquished.

Grand Total: 251 creatures vanquished

Notes
Turn   | Place    | Note
-------+----------+-------------------------------------------
     0 | D:1      | oberejnoburuli the Tengu Fire Elementalist began the quest
                  | for the Orb.
     0 | D:1      | Reached XP level 1. HP: 10/10 MP: 4/4
   187 | D:1      | Reached XP level 2. HP: 15/15 MP: 0/6
   875 | D:1      | Reached XP level 3. HP: 19/19 MP: 4/7
  1356 | D:2      | Learned a level 2 spell: Scorch
  1497 | D:2      | Reached XP level 4. HP: 24/24 MP: 2/8
  2508 | D:3      | Gained mutation: Your magical nature lets you fly swiftly
                  | and evasively. [Tengu growth]
  2508 | D:3      | Reached XP level 5. HP: 20/28 MP: 4/9
  2634 | D:3      | Reached skill level 5 in Fire Magic
  2707 | D:3      | Found a glowing golden altar of the Shining One.
  2770 | D:3      | Found a hazy altar of Hepliaklqana.
  3121 | D:3      | Found a bloodstained altar of Trog.
  3146 | D:3      | Reached skill level 5 in Conjurations
  3282 | D:3      | Reached XP level 6. HP: 32/32 MP: 5/10
  3478 | D:3      | Slain by an iguana

Illustrated notes

Levels and vault maps discovered:
D:1:      lemuel_arrival_funnel, layout_loops_corners, minmay_misc_feat_tower,
          minmay_unequal
D:2:      layout_rooms, kennysheep_big_empty_room, nrook_uturn,
          minmay_misc_feat_pillars
D:3:      layout_basic, trog_three_pillars_becter, amcnicky_altar_gilded,
          general_overflow_altar
D:4:      layout_loops_cross, old_standard_altar, mainiacjoe_overflow_catwalk,
          cheibriados_altar_1, nicolae_figureground_sparkle

Skill      XL: |  1  2  3  4  5 |
---------------+----------------+-----
Conjurations   | 2 3 4 5 |  5.4
Fire Magic     | 4 5 |  5.5
Dodging        | |  2.1
Stealth        | |  2.0
Spellcasting   | |  2.0

Action                     |  1- 3 |  4- 6 || total
---------------------------+-------+-------++-------
  Melee: Unarmed           |     4 |       ||     4
         Kick              |     1 |     1 ||     2
         Staff             |       |     9 ||     9
   Cast: Foxfire           |    52 |    64 ||   116
         Scorch            |       |    16 ||    16
    Use: Scroll            |       |     3 ||     3
   Stab: Sleeping          |       |     2 ||     2
 Armour: Robe              |    12 |     6 ||    18
  Dodge: Dodged            |    32 |    30 ||    62
  Block: Other             |       |    11 ||    11
